 Seeded DCSS version 0.29-a0-23-ga79f92ac9c (webtiles) character file.

Game seed: 10000000000011 (custom seed)

236 knot the Chopper (level 5, -3/61 HPs)
             Began as a Demonspawn Berserker on Jan 31, 2022.
             Was a Believer of Trog.
             Slain by Duvessa the wolf (10 damage)
             ... on level 4 of the Dungeon.
             The game lasted 00:01:42 (3632 turns).

knot the Chopper (Demonspawn Berserker)             Turns: 3632, Time: 00:01:43

Health: -3/61      AC:  2    Str: 17    XL:     5   Next: 77%
Magic:  5/5        EV: 12    Int: 10    God:    Trog [**....]
Gold:   119        SH:  0    Dex: 13    Spells: 4/4 levels left

rFire   . . .      SeeInvis .   a - +0 hand axe
rCold   . . .      Faith    .   (no shield)
rNeg    . . .      Spirit   .   b - +0 animal skin
rPois   .          Reflect  .   (no helmet)
rElec   .          Harm     .   (no cloak)
rCorr   .          Rampage  .   (no gloves)
Will    ++...                   (no boots)
Stlth   ..........              (no amulet)
HPRegen 1.20/turn               (no ring)
MPRegen 0.18/turn               (no ring)

@: berserking, lit by a corona, strong-willed, regenerating, glowing, very quick
A: magic regeneration, demonic touch 1
a: Renounce Religion, Berserk, Trog's Hand


You were on level 4 of the Dungeon.
You worshipped Trog.
Trog was pleased with you.
You visited 1 branch of the dungeon, and saw 4 of its levels.

You collected 119 gold pieces.

Inventory:

Hand Weapons
 a - a +0 hand axe (weapon)
Missiles
 g - 71 stones (quivered)
 l - 2 poisoned darts
 p - 4 boomerangs
Armour
 b - a +0 animal skin (worn)
Jewellery
 d - an amulet of reflection
Wands
 o - a wand of polymorph (7)
Scrolls
 c - a scroll of amnesia {unknown}
 k - 2 scrolls of identify {unknown}
 m - 2 scrolls of blinking {unknown}
 n - a scroll of fog {unknown}
Potions
 e - a potion of curing {unknown}
 f - a potion of lignification {unknown}
 h - a potion of might {unknown}
 i - a potion of heal wounds {unknown}
 j - a potion of magic {unknown}


   Skills:
 - Level 3.0 Fighting
 + Level 6.0 Axes
 - Level 1.7 Armour
 - Level 1.7 Dodging


You had 4 spell levels left.
You didn't know any spells.
Your spell library contained the following spells:

 Spells                   Type           Power      Damage    Failure   Level
 Corpse Rot               Necr/Air       0%         N/A       50%         2
 Ensorcelled Hibernation  Hex/Ice        0%         N/A       50%         2
 Passwall                 Tmut/Erth      0%         N/A       50%         2
 Poisonous Vapours        Pois/Air       0%         N/A       50%         2
 Swiftness                Air            0%         N/A       75%         3


Dungeon Overview and Level Annotations

Branches:
Dungeon (4/15)             Temple (0/1) D:4

Altars:

Shops:
D:3 [

Annotations:
D:4 Dowan, Duvessa, Ijyb


Innate Abilities, Weirdness & Mutations

You regenerate magic rapidly.
Your touch may inflict minor irresistible damage on your foes.


Message History

An adder comes into view.
Unknown command.
Aiming: Polymorph
Press: ? - help, Shift-Dir - straight line, f - Duvessa
Aim: Duvessa, wielding a +2 short sword of draining and wearing a +0 ring mail (moderately wounded, will become a river rat, a scorpion, or a wolf, chance to affect: 31%) Duvessa evaporates and reforms as a wolf!
The adder hisses angrily.
You hear a shout!
Ijyb the Twisted Goblin comes into view.
She is wielding a +0 club and carrying a wand of charming (7).
Duvessa bites you. The centaur skeleton hits you.
The centaur skeleton barely misses you.
Unknown command.
Your skin crawls.
You feel strong-willed. Duvessa barely misses you.
The centaur skeleton hits you. The centaur skeleton kicks you.
Duvessa bites you.
A red film seems to cover your vision as you go berserk!
You feel yourself moving faster!
You feel mighty! Duvessa bites you!
* * * LOW HITPOINT WARNING * * *
Dowan closely misses you.
The centaur skeleton closely misses you.
The centaur skeleton kicks you but does no damage.
You are too injured to fight recklessly!
You are too injured to fight recklessly!
You are too injured to fight recklessly!
You are too injured to fight recklessly!
You are too injured to fight recklessly!
You are too injured to fight recklessly!
You slash Duvessa! Your touch misses Duvessa.
Duvessa is heavily wounded.
You completely miss the centaur skeleton.
You hit Dowan. Duvessa bites you!
* * * LOW HITPOINT WARNING * * *
Dowan hits you with a +0 dagger.
* * * LOW HITPOINT WARNING * * *
The centaur skeleton barely misses you.
The centaur skeleton kicks you but does no damage.
You miss Duvessa.
Duvessa is heavily wounded.
You slash Dowan! You hit the centaur skeleton. Duvessa bites you!
You die...

##. ... .... .....
##.g. #. ##.S. #.
##Zh# #. #.@# ..
###.### #e###....
###+### #....e...
#.####⌠.⌠####.####$..
....+.>.'....#
##⌠.⌠###### ###'###
###.### #.#


You could see Ijyb, Dowan, Duvessa the wolf, an adder and a centaur skeleton.

Vanquished Creatures
  An ogre (D:3)
  A scorpion (D:4)
  4 adders
  6 endoplasms
  A giant cockroach (D:1)
  4 goblins
  4 hobgoblins
  14 jackals
  A ball python (D:2)
  7 bats
  5 frilled lizards
  3 kobolds
  5 rats
56 creatures vanquished.

Notes
Turn   | Place    | Note
-------+----------+-------------------------------------------
     0 | D:1      | knot the Demonspawn Berserker began the quest for the Orb.
     0 | D:1      | Reached XP level 1. HP: 18/18 MP: 1/1
   152 | D:1      | Reached skill level 3 in Axes
   375 | D:1      | Gained mutation: You regenerate magic rapidly. [demonic
                  | ancestry]
   375 | D:1      | Reached XP level 2. HP: 16/24 MP: 2/2
  1583 | D:2      | Gained mutation: Your touch may inflict minor irresistible
                  | damage on your foes. [demonic ancestry]
  1583 | D:2      | Reached XP level 3. HP: 26/29 MP: 3/3
  1736 | D:2      | Reached ** piety under Trog
  1740 | D:2      | Reached skill level 4 in Axes
  2181 | D:2      | Reached XP level 4. HP: 19/35 MP: 4/4
  2735 | D:3      | Noticed an ogre
  2743 | D:3      | Killed an ogre
  2744 | D:3      | Reached skill level 5 in Axes
  2744 | D:3      | Reached XP level 5. HP: 34/41 MP: 5/5
  2998 | D:3      | Found Daocsar's Antique Armour Emporium.
  3450 | D:4      | Reached skill level 6 in Axes
  3608 | D:4      | Found a staircase to the Ecumenical Temple.
  3621 | D:4      | Noticed Dowan
  3623 | D:4      | Noticed Duvessa
  3628 | D:4      | Noticed Duvessa
  3628 | D:4      | Duvessa changed into Duvessa the wolf
  3628 | D:4      | Noticed Ijyb
  3632 | D:4      | Slain by Duvessa the wolf

Illustrated notes

Levels and vault maps discovered:
D:1:      lordsloth_arrival_two_stooges, layout_basic, grunt_decor_fettered,
          minmay_misc_feat_diagonals, nicolae_concentric_dashed_squares_wild
D:2:      layout_rooms, hangedman_decor_clover_reticule
D:3:      layout_basic, serial_shops, shop, kennysheep_path_1
D:4:      layout_rooms, temple_doors_e, uniq_duvessa, uniq_ijyb

Skill      XL: |  1  2  3  4  5 |
---------------+----------------+-----
Axes           | 3 4 5 6 |  6.0
Fighting       | |  3.0
Armour         | |  1.7
Dodging        | |  1.7

Action                   |  1- 3 |  4- 6 || total
-------------------------+-------+-------++-------
Melee: Hand axe          |   131 |    35 ||   166
       Punch             |     1 |     1 ||     2
       Touch             |     6 |     7 ||    13
Invok: Berserk           |     2 |     3 ||     5
       Trog's Hand       |       |     1 ||     1
Evoke: Wand              |       |     1 ||     1
 Stab: Sleeping          |       |     1 ||     1
Armor: Animal skin       |    45 |     7 ||    52
Dodge: Dodged            |   118 |    22 ||   140

Table legend: (Time is in decaauts)
 A = Elapsed time spent in this place.
 B = Non-inter-level travel time spent in this place.
 C = Inter-level travel time spent in this place.
 D = Time resting spent in this place.
 E = Time spent auto-exploring this place.
 F = Levels seen in this place.
 G = Mean time per level.
                   A        B        C        D        E       F      G
               +--------+--------+--------+--------+--------+-----+--------+
         Total |   3686 |   3638 |     48 |   1223 |   2017 |   4 |  921.5 |
       Dungeon |   3686 |   3638 |     48 |   1223 |   2017 |   4 |  921.5 |
               +--------+--------+--------+--------+--------+-----+--------+

Top non-repeatable levels by time:
     D:1: 1601 daAuts
     D:2: 1070 daAuts
     D:3: 762 daAuts
     D:4: 252 daAuts
